 Dungeon Crawl Stone Soup version 0.32-a0-872-g59262bd (webtiles) character file.

Game seed: 1108068740014427430

2455 Dorkslayer the Cudgeller (level 9, -10/60 HPs)
             Began as an Octopode Fighter on Mar 29, 2024.
             Was a Priest of Okawaru.
             Killed from afar by Joseph (25 damage)
             ... with a bolt of dispelling energy
             ... on level 7 of the Dungeon on Mar 30, 2024.
             The game lasted 00:26:14 (5347 turns).

Dorkslayer the Cudgeller (Octopode Fighter)         Turns: 5347, Time: 00:26:15

Health: -10/60     AC:  5    Str: 19    XL:     9   Next: 50%
Magic:  21/21      EV: 12    Int: 17    God:    Okawaru [***...]
Gold:   0          SH:  8    Dex: 11    Spells: 8/8 levels left

rFire   . . .        n - +6 mace of Destruction {drain, Will+ MP+9}
rCold   + . .        z - +0 kite shield
rNeg    + . .        (helmet restricted)
rPois   +            (no amulet)
rElec   +            d - ring of Tauro {rCorr AC+4 Int+3}
rCorr   +            s - ring of willpower
SInv    .            u - ring "Malid" {rElec rPois rC+ rN+ Int+3}
Will    ++...        (no ring)
Stlth   ++++         (no ring)
HPRegen 0.30/turn    (no ring)
MPRegen 0.17/turn    (no ring)
                     (no ring)

%: no passive effects
@: hasted (expiring), very quick
A: almost no armour, amphibious, 8 rings, camouflage 1, gelatinous body 1,
(nimble swimmer 1), tentacles
a: Renounce Religion, Heroism


You were on level 7 of the Dungeon.
You worshipped Okawaru.
Okawaru was most pleased with you.
You visited 1 branch of the dungeon, and saw 7 of its levels.
You also visited: Sewer.

You collected 424 gold pieces.
You spent 424 gold pieces at shops.

Inventory:

Hand Weapons
 a - a +2 war axe of freezing
 n - the +6 mace of Destruction (weapon) {drain, Will+ MP+9}
   (You took it off Jessica on level 3 of the Dungeon)

   Will+:     It increases your willpower.
   MP+9:      It affects your magic capacity (+9).
Missiles
 e - 9 boomerangs (quivered)
Armour
 b - a +1 buckler
 z - a +0 kite shield (worn)
Jewellery
 d - the ring of Tauro (left tentacle) {rCorr AC+4 Int+3}
   (You acquired it on level 2 of the Dungeon)

   [ring of protection]

   AC+4:      It affects your AC (+4).
   Int+3:     It affects your intelligence (+3).
   rCorr:     It protects you from acid and corrosion.
 s - a ring of willpower (right tentacle)
 t - a +6 ring of intelligence
 u - the ring "Malid" (on tentacle) {rElec rPois rC+ rN+ Int+3}
   (You acquired it in a sewer)

   [ring of protection from cold]

   Int+3:     It affects your intelligence (+3).
   rC+:       It protects you from cold.
   rElec:     It insulates you from electricity.
   rPois:     It protects you from poison.
   rN+:       It protects you from negative energy.
Talismans
 j - a flux talisman
Scrolls
 c - a scroll of poison
 m - 2 scrolls of teleportation
 p - a scroll of fear
 q - a scroll of immolation
 r - a scroll of amnesia
 v - a scroll of torment
 y - a scroll of fog
 A - a scroll of blinking
Potions
 f - 2 potions of attraction
 g - a potion of invisibility
 h - a potion of curing
 i - a potion of cancellation
 k - 2 potions of magic
 l - 3 potions of brilliance
 o - a potion of mutation {unknown}
 w - 2 potions of heal wounds {unknown}


   Skills:
 + Level 4.9 Fighting
 + Level 4.8(6.5) Axes
 * Level 6.8(7.6) Maces & Flails
 + Level 4.7 Dodging
 + Level 6.7 Stealth
 + Level 3.9 Shields
 * Level 4.9 Invocations
 * Level 2.0 Shapeshifting


You had 8 spell levels left.
You didn't know any spells.
Your spell library was empty.

Dungeon Overview and Level Annotations

Branches:
Dungeon (7/15)             Temple (0/1) D:5           Sewer (visited)

Altars:
Fedhas
Hepliaklqana
Makhleb
Nemelex Xobeh
Okawaru
Vehumet
Wu Jian
Yredelemnul

Shops:
D:3 =   D:4 *   D:6 ?

Annotations:
D:7 Joseph


Innate Abilities, Weirdness & Mutations

You cannot wear most types of armour.
You are amphibious.
You can wear up to eight rings at the same time.
Your skin changes colour to match your surroundings (Stealth+).
Your rubbery body absorbs attacks. (AC +1, EV +1)
((You are camouflaged when in or above water. (Stealth+)))
You have tentacles for arms and can constrict up to eight enemies at once.


Message History

z - a +0 kite shield You start removing your armour.
You continue removing your +1 buckler. x4
You finish removing your +1 buckler.
You start putting on your armour.
You continue putting on your +0 kite shield. x5
You finish putting on your +0 kite shield.
Okay, then.
Done exploring.
There is a stone staircase leading down here.
You climb downwards.
There is a stone staircase leading up here.
Found 4 poisoned darts.
Found a sling.
You see here a +0 sling.
Joseph, a Mercenary comes into view.
He is wielding a +0 quarterstaff and carrying a wand of quicksilver.
Joseph shouts!
Joseph moves out of view.
Joseph unwields a +0 quarterstaff.
Joseph wields a +0 sling.
Joseph shoots a sling bullet.
The sling bullet hits you!
Joseph unwields a +0 sling.
Joseph wields a +0 quarterstaff.
Joseph hits you with a +0 quarterstaff.
You hit Joseph. You drain Joseph. You grab Joseph. You squeeze Joseph!
Joseph is moderately wounded.
You constrict Joseph.
Joseph zaps a wand.
The bolt of dispelling energy hits you!
You hit Joseph. You drain Joseph.
Joseph is heavily wounded.
You constrict Joseph. Joseph hits you with a +0 quarterstaff!
You hit Joseph.
Joseph is heavily wounded.
You constrict Joseph.
Joseph zaps a wand.
The bolt of dispelling energy hits you!
* * * LOW HITPOINT WARNING * * *
Joseph hits you with a +0 quarterstaff.
* * * LOW HITPOINT WARNING * * *
You feel better.
You constrict Joseph. Joseph barely misses you.
You feel yourself speed up.
You constrict Joseph.
Joseph zaps a wand.
The bolt of dispelling energy hits you!!
Your magical effects are unravelling.
You die...

##...##
#....###
#.......
##.(#####
##..##
########...#
#.........##
##.#########
# #@## ####
#..@# #...
##### ####


You could see Joseph (drained).

Vanquished Creatures
  Pikel (D:6)
  Prince Ribbit (D:5)
  Grinder (D:3)
  Sigmund (D:3)
  Menkaure (D:5)
  Edmund (D:6)
  A water moccasin (D:6)
  A black bear (D:5)
  Pargi (Sewer)
  3 lemures (D:6)
  2 phantoms
  A kobold brigand (Sewer)
  A brain worm (Sewer)
  A bullfrog (D:6)
  3 scorpions
  A jelly (D:6)
  A sleepcap (D:5)
  2 hounds
  Jessica (D:3)
  3 orc wizards
  5 adders
  4 gnolls (D:4)
  2 dart slugs (D:1)
  18 orcs
  4 endoplasms
  4 giant cockroaches
  6 hobgoblins
  2 jackals (D:4)
  11 kobolds
  4 quokkas
  14 ball pythons
  6 bats
  2 frilled lizards
  7 goblins
  5 rats
122 creatures vanquished.

Notes
Turn   | Place    | Note
-------+----------+-------------------------------------------
     0 | D:1      | Dorkslayer the Octopode Fighter began the quest for the
                  | Orb.
     0 | D:1      | Reached XP level 1. HP: 16/16 MP: 1/1
    38 | D:1      | Reached XP level 2. HP: 17/21 MP: 2/2
   192 | D:1      | Found a faded altar of an unknown god.
   314 | D:1      | Reached XP level 3. HP: 26/26 MP: 3/3
   493 | D:1      | Reached skill level 1 in Stealth
   869 | D:2      | Identified a scroll of acquirement
   869 | D:2      | Acquired the ring of Tauro {rCorr AC+4 Int+3}
  1712 | D:3      | Reached XP level 4. HP: 27/31 MP: 4/4
  1724 | D:3      | Found an iron altar of Okawaru.
  1735 | D:3      | Became a worshipper of Warmaster Okawaru
  1936 | D:3      | Found Johad's Jewellery Emporium.
  1969 | D:3      | Noticed Sigmund
  1973 | D:3      | Killed Sigmund
  1973 | D:3      | Reached * piety under Okawaru
  1974 | D:3      | Reached skill level 1 in Invocations
  1974 | D:3      | Reached XP level 5. HP: 37/37 MP: 4/6
  2002 | D:3      | Reached XP level 6. HP: 19/43 MP: 7/7
  2004 | D:3      | Identified the +6 mace of Destruction {drain, Will+ MP+9}
  2004 | D:3      | Noticed Jessica
  2016 | D:3      | Killed Jessica
  2173 | D:3      | Found a hazy altar of Hepliaklqana.
  2233 | D:3      | Found a radiant altar of Vehumet.
  2235 | D:3      | Noticed Grinder
  2243 | D:3      | Killed Grinder
  2244 | D:3      | Reached skill level 1 in Maces & Flails
  2244 | D:3      | Reached XP level 7. HP: 35/48 MP: 8/8
  2706 | D:3      | Found a sparkling altar of Nemelex Xobeh.
  2713 | D:3      | Found a basalt altar of Yredelemnul.
  3234 | D:4      | Upgraded the game from 0.32-a0-871-ge202e49 to
                  | 0.32-a0-872-g59262bd
  3263 | D:4      | Found Mohoreisk's Assorted Antiques.
  3358 | D:4      | Bought a murky blue potion for 22 gold pieces
  3358 | D:4      | Bought an orange potion for 22 gold pieces
  3358 | D:4      | Bought 3 scrolls of identify for 150 gold pieces
  3444 | D:5      | Entered Level 5 of the Dungeon
  3524 | D:5      | Noticed Menkaure
  3532 | D:5      | Killed Menkaure
  3533 | D:5      | Reached skill level 5 in Stealth
  3533 | D:5      | Reached XP level 8. HP: 53/54 MP: 10/10
  3581 | D:5      | Reached ** piety under Okawaru
  3836 | D:5      | Found a staircase to the Ecumenical Temple.
  3902 | D:5      | Noticed Prince Ribbit
  3917 | D:5      | Killed Prince Ribbit
  3918 | D:5      | Reached skill level 5 in Maces & Flails
  4281 | D:6      | Found an ornate altar of the Wu Jian Council.
  4344 | D:6      | Found a blossoming altar of Fedhas.
  4355 | D:6      | Found a burning altar of Makhleb.
  4600 | D:6      | Found Kuosm's Magic Scroll Shop.
  4603 | D:6      | Noticed Edmund
  4613 | D:6      | Killed Edmund
  4614 | D:6      | Reached skill level 1 in Shapeshifting
  4614 | D:6      | Reached XP level 9. HP: 46/59 MP: 12/12
  4635 | D:6      | Noticed Pikel
  4657 | D:6      | Killed Pikel
  4657 | D:6      | Reached *** piety under Okawaru
  4679 | D:6      | Found a glowing drain.
  4683 | Sewer    | Entered a sewer
  4693 | Sewer    | Acquired the ring "Malid" {rElec rPois rC+ rN+ Int+3}
  4768 | Sewer    | Noticed Pargi
  4772 | Sewer    | Killed Pargi
  5111 | D:6      | Bought a scroll of fog for 44 gold pieces
  5111 | D:6      | Bought a scroll of brand weapon for 104 gold pieces
  5111 | D:6      | Bought a scroll of blinking for 82 gold pieces
  5339 | D:7      | Noticed Joseph
  5347 | D:7      | Killed from afar by Joseph

Illustrated notes

Levels and vault maps discovered:
D:1:      pf_arrival_petrified_forest, layout_basic,
          ebering_ecumenical_altar_webs
D:2:      layout_basic, serial_bayou_lagoon_a, serial_bayou_ford_a
D:3:      layout_loops_corners, okawaru_gym_becter, nicolae_vehumet_radiance,
          mainiacjoe_overflow_surrounded_room, mainiacjoe_overflow_big_doors,
          serial_shops, nicolae_shop_pleasant_corner_grove, uniq_grinder,
          uniq_sigmund, uniq_jessica
D:4:      layout_basic, serial_shops, nicolae_inconvenience_store
D:5:      layout_loops_ring, minmay_temple_entry_overgrown,
          serial_library_hellmonk_room_c, uniq_menkaure, uniq_prince_ribbit1
D:6:      layout_basic, overflow_temple_1_default, lemuel_round_altar,
          amcnicky_altar_gilded, serial_shops, shop, gup_sewer_entry_bowl,
          minmay_misc_feat_tiny, uniq_edmund, uniq_pikel
D:7:      layout_layer_cave, hangedman_ru_absence, kennysheep_generic_room_13,
          uniq_joseph

Skill      XL: |  1  2  3  4  5  6  7  8  9 |
---------------+----------------------------+-----
Stealth        | 1 3 4 5 6 |  6.7
Axes           | 3 4 |  4.8
Invocations    | 1 2 3 4 |  4.9
Fighting       | 4 |  4.9
Maces & Flails | 1 3 5 6 |  6.8
Dodging        | 4 |  4.7
Shapeshifting  | 1 2 |  2.0
Shields        | |  3.9

Action                     |  1- 3 |  4- 6 |  7- 9 || total
---------------------------+-------+-------+-------++-------
  Melee: War axe           |    74 |    17 |       ||    91
         Constrict         |    21 |     3 |    26 ||    50
         Tentacles         |     7 |     1 |    23 ||    31
         Mace              |       |     6 |   121 ||   127
    Use: Scroll            |     6 |       |    15 ||    21
         Potion            |       |     2 |     3 ||     5
   Stab: Sleeping          |     9 |     3 |    17 ||    29
         Distracted        |       |       |     1 ||     1
 Armour: Skin              |    31 |    18 |    80 ||   129
  Dodge: Dodged            |    55 |    12 |    55 ||   122
  Block: Buckler           |    25 |     2 |    19 ||    46

Table legend: (Time is in decaauts)
 A = Elapsed time spent in this place.
 B = Non-inter-level travel time spent in this place.
 C = Inter-level travel time spent in this place.
 D = Time resting spent in this place.
 E = Time spent auto-exploring this place.
 F = Levels seen in this place.
 G = Mean time per level.
                   A        B        C        D        E       F      G
               +--------+--------+--------+--------+--------+-----+--------+
         Total |   5402 |   5402 |      0 |      0 |   2810 |   8 |  675.2 |
       Dungeon |   5275 |   5275 |      0 |      0 |   2810 |   7 |  753.6 |
         Sewer |    126 |    126 |      0 |      0 |      0 |   1 |  126.0 |
               +--------+--------+--------+--------+--------+-----+--------+

Top non-repeatable levels by time:
     D:3: 1171 daAuts
     D:1: 886 daAuts
     D:6: 869 daAuts
     D:2: 847 daAuts
     D:5: 822 daAuts
     D:4: 582 daAuts
   Sewer: 126 daAuts
     D:7: 96 daAuts
